cohdb
Replays
Latest Replays
All Replays
Popular Replays
Top Player Replays
Match Explorer
How It Works
Community
CoH3 Stats
Reddit
Sign in to upload your games and track your stats! →
Sign in with Steam
Match 42964355
Unlisted
Match 42964355
Overview
Messages
Build Orders
End
Selects Special Operations Battlegroup
Selects Special Operations Battlegroup
Selects Special Operations Battlegroup
Selects M29 Weasel Recon Vehicle
Selects M29 Weasel Recon Vehicle
M29 Weasel Recon Vehicle
Construct Weapon Support Center
M1919 Machine Gun Team
Construct Barracks
Engineer Squad
M1 Mortar Team
M1919 Machine Gun Team
.30 cal Machine Gun
Bazooka Squad
Improved M9 Bazooka Rockets
Selects Mark Vehicle
Selects Smoke Screen
Bazooka Squad
Bazooka Squad
Construct Medical Station
Mark Vehicle
Smoke Screen
Selects SSF Commando Squad
SSF Commando Squad
SSF Commando Squad
SSF Commando Squad
M29 Weasel Recon Vehicle
SSF Commando Squad
Smoke Screen
SSF Commando Squad
M1 Mortar Team
Mark Vehicle
Smoke Screen
SSF Commando Squad
Mark Vehicle
IMPLACÁVEL
Fajolada
0
0
Comments
sign in to comment!
No comments posted yet!